 Dungeon Crawl Stone Soup version 0.17.2-1-ge4368a0 (webtiles) character file.

275 Goblin1989 the Insei (level 6, -6/70 HPs)
             Began as a Demonspawn Monk on Sept 19, 2016.
             Mangled by Blork the orc
             ... wielding a +1 long sword of electrocution
              (18 damage)
             ... on level 4 of the Dungeon.
             The game lasted 00:06:24 (1919 turns).

Goblin1989 the Insei (Demonspawn Monk)              Turns: 1919, Time: 00:06:25

Health: -6/70      AC: 23    Str: 14    XL:     6   Next: 3%
Magic:  6/6        EV:  2    Int: 11    God:
Gold:   139        SH:  0    Dex: 15    Spells: 0 memorised, 5 levels left

rFire  . . .     SeeInvis .       - Unarmed
rCold  . . .     Clarity  .     (armour currently unavailable)
rNeg   + + +     SustAt   .     (no shield)
rPois  +         Gourm    .     (helmet currently unavailable)
rElec  .         Spirit   .     (cloak currently unavailable)
rCorr  .         Warding  .     (gloves currently unavailable)
rMut   .         NoTele   +     (boots currently unavailable)
MR     .....                    (no amulet)
Stlth  ++........               (no ring)
                                l - +2 ring of evasion

@: tree-form, not resistant to hostile enchantments, unstealthy
A: (hooves 0), (horns 0), powered by death 1
a: no special abilities


You were on level 4 of the Dungeon.
You were not hungry.
You were a tree.
You visited 1 branch of the dungeon, and saw 4 of its levels.

You collected 139 gold pieces.

Inventory:

Armour
 c - a +0 scale mail (melded)
 h - a +0 pair of gloves (melded)
Jewellery
 l - a +2 ring of evasion (left branch)
Wands
 i - a wand of confusion (27)
 k - a wand of teleportation (5)
Scrolls
 a - a scroll of fog {unknown}
 d - 2 scrolls of immolation {unknown}
 e - 2 scrolls of remove curse {unknown}
 f - a scroll of noise {unknown}
 g - 3 scrolls of identify {unknown}
 j - a scroll of amnesia {unknown}
 n - a scroll of blinking {unknown}
 o - a scroll of teleportation {unknown}
 p - 2 scrolls of enchant armour {unknown}
Potions
 r - 2 potions of flight {unknown}
Comestibles
 b - 4 bread rations
 m - a meat ration
 s - 2 chunks of flesh


   Skills:
 - Level 3.0 Fighting
 - Level 2.6 Dodging
 - Level 1.7 Stealth
 + Level 6.7 Unarmed Combat


You had 5 spell levels left.
You didn't know any spells.

Dungeon Overview and Level Annotations

Branches:
Dungeon (4/15)
 Temple: D:4-7

Altars:
Ru
Yredelemnul

Annotations:
D:3 Goblin1989's ghost, amateur DsFi
D:4 Blork the orc


Innate Abilities, Weirdness & Mutations

((You have large cloven feet.))
((You have a pair of small horns on your head.))
You regenerate a little health from kills.


Message History

Your +0 pair of gloves melds into your body.
Your +0 scale mail melds into your body.
Your roots penetrate the ground.
You now have 18/70 hp.
You smack Blork the orc!
Blork the orc is almost dead.
Blork the orc casts a spell.
Blork the orc seems to speed up.
You completely miss Blork the orc.
Blork the orc is almost dead.
Blork the orc gestures wildly while chanting.
Blork the orc flickers and vanishes!
Deactivating autopickup; reactivate with Ctrl-A.
Something hits you.
* * * LOW HITPOINT WARNING * * *
You take 6 damage, and have 12/70 hp.
Unknown command.
You hit something but do no damage. Something hits you but does no damage.
You are electrocuted!
You die...

....... ..... ..... #...##
....# #.... #...## #...#
.... .# #.{.# ...#####.#
#.♣.# #........# ##.## ####
#.......# ##...###..
###..###..# ##.....##.#
.....#....# #.......#.####
.#
####.#.#..###.....)).....#
.# #...............)#.##.#
.#
##......####.....##.##.##.#
#..>....# ##...###.......#


There were no monsters in sight!

Vanquished Creatures
  A hound (D:4)
  An orc priest (D:4)
  An orc wizard (D:4)
  2 worker ants (D:4)
  A hound skeleton (D:4)
  Robin (D:2)
  2 adders
  2 oozes (D:1)
  A worm (D:3)
  A giant gecko (D:1)
  7 orcs
  14 goblins
  9 hobgoblins
  7 jackals
  6 kobolds
  A bat (D:1)
  4 giant cockroaches
  4 giant newts
  7 rats
72 creatures vanquished.

Notes
Turn   | Place    | Note
--------------------------------------------------------------
     0 | D:1      | Goblin1989 the Demonspawn Monk began the quest for the Orb.
     0 | D:1      | Reached XP level 1. HP: 18/18 MP: 1/1
   290 | D:1      | Reached skill level 4 in Unarmed Combat
   290 | D:1      | Gained mutation: You have a pair of small horns on your head. [demonic ancestry]
   290 | D:1      | Reached XP level 2. HP: 22/24 MP: 2/2
   811 | D:2      | Gained mutation: You regenerate a little health from kills. [demonic ancestry]
   811 | D:2      | Reached XP level 3. HP: 22/29 MP: 3/3
   928 | D:2      | Noticed Robin
   945 | D:2      | Killed Robin
  1238 | D:2      | Reached skill level 5 in Unarmed Combat
  1327 | D:3      | Reached XP level 4. HP: 35/35 MP: 4/4
  1384 | D:3      | Found a basalt altar of Yredelemnul.
  1725 | D:3      | Noticed Goblin1989's ghost (amateur DsFi)
  1734 | D:4      | Found a sacrificial altar of Ru.
  1800 | D:4      | Reached XP level 5. HP: 35/41 MP: 5/5
  1820 | D:4      | Reached skill level 6 in Unarmed Combat
  1898 | D:4      | Gained mutation: You have large cloven feet. [demonic ancestry]
  1898 | D:4      | Reached XP level 6. HP: 47/47 MP: 6/6
  1906 | D:4      | Noticed Blork the orc
  1919 | D:4      | Mangled by Blork the orc

Action                   |  1- 3 |  4- 6 || total
-------------------------+-------+-------++-------
Melee: Unarmed           |   125 |   129 ||   254
  Use: Potion            |     1 |     1 ||     2
  Eat: Chunk             |     1 |     1 ||     2
       Meat ration       |       |     1 ||     1
